 Dungeon Crawl Stone Soup version 0.20.1-1-g8b1a95d (webtiles) character file.

469948 Gargoyl the Axe Maniac (level 23, -10/242 HPs)
             Began as a Minotaur Abyssal Knight on July 31, 2017.
             Was a Priest of Lugonu.
             Mangled by a large abomination (20 damage)
             ... on level 1 of the Abyss on Aug 1, 2017.
             The game lasted 02:56:58 (74116 turns).

Gargoyl the Axe Maniac (Minotaur Abyssal Knight)   Turns: 74116, Time: 02:56:59

Health: -10/242    AC: 35    Str: 26    XL:     23   Next: 51%
Magic:  32/35      EV: 13    Int:  9    God:    Lugonu [***...]
Gold:   2237       SH:  3    Dex: 15    Spells: 22/22 levels left

rFire    . . .     SeeInvis +   l - +8 frozen axe "Frostbite" {freezing cloud, *Noise +Fly rC+}
rCold    + + .     Gourm    .   (shield currently unavailable)
rNeg     . . .     Faith    .   D - +10 plate armour "Xas Osuu" {*Drain +Inv rElec rCorr}
rPois    +         Spirit   .   (helmet restricted)
rElec    +         Reflect  +   Z - scarf {cloud immunity}
rCorr    +         Harm     .   j - +2 pair of gloves
MR       ++...                  Q - +2 pair of boots {Stlth+}
Stlth    ..........             A - amulet "Fyanacacumn" {Reflect SH+3 SInv}
Regen    0.5/turn               H - +4 ring of strength
MPRegen  0.3/turn               P - ring of poison resistance

@: no status effects
A: retaliatory headbutt, horns 2, molten scales 1, cold resistance 1, deformed
body, magic resistance 1, robust 1, screaming 1
}: 2/15 runes: decaying, gossamer
a: Depart the Abyss, Bend Space, Banish, Renounce Religion, Evoke Invisibility,
Evoke Flight


You were on level 1 of the Abyss.
You worshipped Lugonu.
Lugonu was most pleased with you.
You were not hungry.

You visited 7 branches of the dungeon, and saw 39 of its levels.
You visited the Abyss 5 times.

You collected 4387 gold pieces.
You spent 2150 gold pieces at shops.

Inventory:

Hand Weapons
 l - the +8 frozen axe "Frostbite" (weapon) {freezing cloud, *Noise +Fly rC+}
   (You found it on level 6 of the Lair of Beasts)

   It has been specially enchanted to freeze those struck by it, causing extra
   injury to most foes and up to half again as much damage against particularly
   susceptible opponents.
   It can also slow down cold-blooded creatures.
   It protects you from cold.
   It lets you fly.
   It may make noises in combat.
 t - a +4 battleaxe of chopping
 I - a +4 battleaxe of flaming
Missiles
 b - 8 javelins (quivered)
Armour
 j - a +2 pair of gloves (worn)
 r - a +2 cloak
 D - the +10 plate armour "Xas Osuu" (worn) {*Drain +Inv rElec rCorr}
   (You found it on level 2 of the Spider Nest)

   It insulates you from electricity.
   It lets you turn invisible.
   It protects you from acid and corrosion.
   It causes draining when unequipped.
 Q - a +2 pair of boots of stealth (worn)
 Z - a scarf of cloud immunity (worn)
Jewellery
 e - an uncursed amulet of magic regeneration {unknown}
 f - an uncursed ring of protection from magic
 h - an uncursed ring of positive energy
 A - the amulet "Fyanacacumn" (around neck) {Reflect SH+3 SInv}
   (You found it on level 4 of the Spider Nest)

   [amulet of reflection]

   It shields you and reflects attacks.
   It lets you see invisible.
   It affects your SH (+3).
 H - a +4 ring of strength (left hand)
 M - an uncursed ring of protection from magic
 P - a ring of poison resistance (right hand)
Wands
 a - a wand of paralysis (19/24)
 B - a wand of clouds (6/9)
Scrolls
 m - 20 scrolls of remove curse
 n - 3 scrolls of enchant armour
 o - 3 scrolls of recharging
 s - 13 scrolls of identify
 v - 4 scrolls of blinking
 y - 4 scrolls of teleportation
 E - 6 scrolls of fog
 F - 2 scrolls of magic mapping
 K - 4 scrolls of fear
 T - a scroll of silence
 V - a scroll of amnesia
Potions
 c - a potion of magic
 g - 4 potions of flight
 i - 4 potions of brilliance
 u - a potion of might
 x - 3 potions of berserk rage
 C - 3 potions of haste
 L - a potion of curing
 O - 4 potions of agility
Books
 G - a book of Annihilations

   Spells                             Type                      Level
   a - Poison Arrow                   Conjuration/Poison           6
   b - Chain Lightning                Conjuration/Air              8
   c - Lehudib's Crystal Spear        Conjuration/Earth            8
   d - Glaciate                       Conjuration/Ice              9
   e - Fire Storm                     Conjuration/Fire             9
Comestibles
 d - 28 meat rations
 k - 4 royal jellies
 p - 13 fruits
 z - 3 bread rations


   Skills:
 + Level 21.3 Fighting
 O Level 27 Axes
 + Level 2.0 Throwing
 * Level 22.9 Armour
 + Level 7.4 Dodging
   Level 5.8 Shields
 * Level 18.8 Invocations
 + Level 1.4 Evocations


You had 22 spell levels left.
You didn't know any spells.

Dungeon Overview and Level Annotations

Branches:
Dungeon (15/15)            Temple (0/1) D:6            Lair (6/6) D:9
  Swamp (4/4) Lair:4       Spider (4/4) Lair:3        Slime (0/5) Lair:5
    Orc (2/2) D:9             Elf (3/3) Orc:2        Vaults (5/5) D:13
  Crypt (0/3) Vaults:2     Depths (0/5) D:15

Altars:
Fedhas
Hepliaklqana
Nemelex Xobeh
Qazlal
Vehumet
Xom
Zin
The Shining One
Jiyva
Lugonu

Shops:
D:7 ?   D:9 *   D:10 *   Orc:2 :(*[   Vaults:2 }

Portals:
Abyss: Elf:1

Annotations:
D:3 Grinder
D:6 Edmund
D:14 exclusion: orange crystal statue
Vaults:5 corrupted


Innate Abilities, Weirdness & Mutations

You reflexively headbutt those who attack you in melee.
You have a pair of horns on your head.
You are partially covered in molten scales. (AC +2)
Your flesh is cold resistant. (rC+)
Armour fits poorly on your strangely shaped body.
You are resistant to hostile enchantments. (MR+)
You are robust. (+10% HP)
You occasionally shout uncontrollably at your foes.


Message History

The hellephant is devoured by a tear in reality.
You feel somewhat more hungry.
You can no longer corrupt the fabric of space.
You start resting.
You are starving!
You eat one of the 17 fruits.
You are feeling very hungry.
Mmmm...
Yummy rambutan.
You eat one of the 16 fruits.
Mmm - a full handful of raspberries!
You eat one of the 15 fruits.
Mmm - a full handful of sultanas!
You eat one of the 14 fruits.
That choko was very bland.
You start resting.
A large abomination comes into view.
You hit the large abomination but do no damage.
The large abomination hits you!!
* * * LOW HITPOINT WARNING * * *
You slash the large abomination! You freeze the large abomination.
The large abomination is moderately damaged.
The large abomination hits you!!
You die...

. ......
'..... ...##
._... #...
.......#..###
......#..#.
.......#...#
........##
.#.##..$.#
.......@.#
.......X..#
..#.........#
......#.#.####
..#.##.....
.... #.....#
#. ..$####.
#..# .#


You could see a large abomination.

Vanquished Creatures
  Mara (Swamp:4)
  Frederick (Vaults:3)
  Xtahua (Vaults:3)
  Saint Roka (Vaults:1)
  A tentacled monstrosity (Swamp:1)
  3 deep elf blademasters
  6 titans (Vaults:5)
  2 deep elf master archers (Elf:3)
  2 tentacled starspawn (Abyss:1)
  A sphinx (Vaults:3)
  The ghost of Kagerus the Carver, an adept HuFi of the Shining One (Swamp:2)
  Frances (Elf:1)
  2 tengu reavers
  3 thorn hunters
  A shadow dragon (Vaults:3)
  Kirke (Swamp:3)
  11 vault wardens
  2 fire giants (Vaults:5)
  2 orc warlords
  3 frost giants
  5 emperor scorpions
  3 ghost moths
  Aizul (Swamp:4)
  12 deep elf sorcerers
  7 deep elf elementalists
  The ghost of Gargoyl the Severer, a journeyman MiAK of Lugonu (D:12)
  A cacodemon (Abyss:1)
  A ghoul (Vaults:2)
  20 ironheart preservers
  2 war gargoyles (Vaults:5)
  7 stone giants
  9 entropy weavers
  7 deep elf demonologists
  9 deep elf annihilators
  Azrael (D:14)
  A spark wasp (Spider:4)
  An ettin (shapeshifter) (Elf:3)
  Josephine (Orc:2)
  Snorg (D:14)
  An ettin (Vaults:4)
  A minotaur (shapeshifter) (Vaults:5)
  4 deep elf death magi
  10 yaktaur captains
  3 great orbs of eyes
  A fire dragon (Vaults:4)
  A rakshasa (Abyss:3)
  Harold (Lair:3)
  7 deep elf high priests
  3 ice dragons
  25 hydras
  A catoblepas (Lair:6)
  2 ghost crabs
  46 vault guards
  An ice dragon (shapeshifter) (D:14)
  A merfolk avatar (Abyss:1)
  9 centaur warriors
  39 two-headed ogres
  14 ogre magi
  6 death knights
  32 dancing weapons
  A vampire mage (D:15)
  17 alligators
  5 death yaks
  6 deep troll shamans
  A tengu warrior (D:14)
  4 orc high priests
  2 hell hogs
  2 thrashing horrors (Abyss:1)
  A spriggan berserker (Swamp:4)
  2 deep troll earth magi
  23 deep elf knights
  Nergalle (Lair:2)
  3 spriggans
  Sonja (D:14)
  3 unseen horrors
  5 skeletal warriors
  The ghost of tschems the Chopper, a novice HuFi of Okawaru (D:7)
  4 glowing orange brains
  6 swamp dragons
  A storm dragon skeleton (Vaults:3)
  3 wizards
  15 deep trolls
  A tengu zombie (D:15)
  An unseen horror (shapeshifter) (Vaults:2)
  19 deep elf archers
  2 phantasmal warriors
  6 flayed ghosts
  A sphinx zombie (Vaults:1)
  13 harpies
  A lindwurm (Lair:3)
  A wolf spider zombie (D:14)
  4 necromancers
  9 orb spiders
  17 ironbrand convokers
  An obsidian statue (Elf:2)
  2 shambling mangroves
  39 wolf spiders
  20 orc knights
  85 deep elf magi
  12 orc sorcerers
  2 human zombies
  38 ugly things
  An oklob plant (Lair:3)
  A tengu skeleton (Vaults:3)
  A manticore (D:14)
  5 cyclopes
  A centaur zombie (D:13)
  A moth of wrath (Spider:2)
  10 elephants
  2 smoke demons
  12 vault sentinels
  Joseph (Lair:1)
  An orange demon (Abyss:1)
  An apocalypse crab (Abyss:1)
  3 black mambas
  2 torpor snails (Lair:6)
  Psyche (D:11)
  20 spiny frogs
  3 gargoyles
  An elf skeleton (D:15)
  5 kobold demonologists
  4 rime drakes
  A yaktaur (shapeshifter) (Vaults:3)
  An ancient zyme (Abyss:3)
  3 efreet (D:15)
  7 freezing wraiths
  45 yaktaurs
  10 komodo dragons
  15 demonic crawlers
  A queen bee (shapeshifter) (Vaults:4)
  11 trolls
  7 tyrant leeches
  11 polar bears
  A meliai (shapeshifter) (Vaults:4)
  47 jumping spiders
  A troll (shapeshifter) (D:12)
  4 raiju (Lair:6)
  A hornet (shapeshifter) (D:13)
  35 slime creatures
  A blink frog (shapeshifter) (Vaults:1)
  17 hornets
  15 bog bodies
  18 blink frogs
  A hippogriff (shapeshifter) (D:14)
  6 dream sheep (Lair:6)
  15 hippogriffs
  2 deep troll skeletons (D:15)
  4 shadows
  5 air elementals
  A black mamba zombie (Abyss:3)
  2 water elementals (Elf:1)
  81 redbacks
  4 starcursed masses (Abyss:1)
  35 tarantellas
  26 yaks
  An ettin skeleton (Vaults:1)
  A yak (shapeshifter) (Vaults:4)
  17 wraiths
  2 wyverns
  A ynoxinul (Abyss:1)
  7 fire elementals
  2 hogs
  A hog (shapeshifter) (D:13)
  A wyvern (shapeshifter) (D:13)
  A chaos spawn (Abyss:1)
  5 basilisks
  2 hungry ghosts
  3 steam dragons
  A large abomination (Abyss:3)
  27 vampire mosquitoes
  2 neqoxecs (Abyss:1)
  13 insubstantial wisps
  15 swamp worms
  4 acid dragons
  12 wargs
  3 soldier ants
  18 water moccasins
  17 hell hounds
  Duvessa (D:6)
  8 porcupines
  5 sky beasts
  A phantom (D:4)
  9 swamp drakes
  57 orc warriors
  5 ice beasts
  12 black bears
  2 necrophages
  2 eyes of draining
  41 ogres
  A wolf (shapeshifter) (Vaults:2)
  14 wolves
  9 boggarts
  7 centaurs
  17 crocodiles
  6 big kobolds
  24 bullfrogs
  3 earth elementals
  An ogre simulacrum (Vaults:1)
  A gnoll sergeant (D:11)
  Dowan (D:6)
  4 scorpions
  A wyvern skeleton (D:13)
  15 wights
  14 killer bees
  3 electric eels
  15 howler monkeys
  2 lava snakes (D:10)
  3 crimson imps
  3 small abominations (Abyss:1)
  2 quasits
  36 orc wizards
  8 jellies
  Crazy Yiuf (D:4)
  A gnoll shaman (Orc:1)
  35 orc priests
  5 centaur skeletons
  10 hounds
  2 bullfrog skeletons
  Natasha (thrice) (D:3 D:5)
  6 iguanas
  9 worker ants
  A hound zombie (D:8)
  A howler monkey zombie (D:11)
  A worker ant zombie (D:5)
  11 gnolls
  12 adders
  4 shadow imps
  2 ufetubi (Abyss:1)
  6 oozes
  2 adder skeletons
  6 worms
  A dart slug (D:1)
  4 leopard geckos
  120 orcs
  6 bats
  9 giant cockroaches
  4 goblins
  5 hobgoblins
  4 jackals (D:3)
  2 quokkas
  A ball python (D:3)
  5 frilled lizards
  31 kobolds
  A leopard gecko skeleton (D:6)
  A quokka skeleton (D:7)
  5 rats
  12 briar patches (Swamp:4)
  3 fungi
  4 plants
  2 starspawn tentacles (Abyss:1)
  A withered plant (D:15)
2063 creatures vanquished.

Vanquished Creatures (collateral kills)
  A gnoll (D:7)
  2 orcs (D:8)
3 creatures vanquished.

Vanquished Creatures (others)
  An eldritch tentacle (Spider:3)
  A vault warden (Vaults:3)
  An ettin (Vaults:5)
  A fire dragon (Lair:6)
  A yaktaur captain (Vaults:5)
  An ogre mage (Vaults:1)
  2 deep elf knights (Elf:1)
  A flayed ghost (Vaults:5)
  An ironbrand convoker (Vaults:5)
  A swamp dragon (Lair:6)
  A deep elf mage (Elf:3)
  A wolf spider (Spider:3)
  4 oklob plants (Lair:5)
  9 orb spiders
  2 freezing wraiths (D:14)
  3 jumping spiders
  A hornet (Spider:4)
  A hippogriff (Lair:6)
  A hornet (shapeshifter) (Vaults:5)
  A blink frog (Abyss:1)
  A water elemental (Elf:1)
  2 humans (Swamp:4)
  A small abomination (Abyss:1)
  A boggart (Vaults:3)
  A centaur (D:7)
  An ogre (Vaults:4)
  4 electric eels (Lair:1)
  2 orcs
  A quokka (D:6)
  3 kobolds
  11 fungi
  29 plants
  8 starspawn tentacles
  A withered plant (D:15)
101 creatures vanquished.

Grand Total: 2167 creatures vanquished

Notes
Turn   | Place    | Note
-------+----------+-------------------------------------------
     0 | Abyss:1  | Gargoyl the Minotaur Abyssal Knight began the quest for the Orb.
     0 | Abyss:1  | Reached XP level 1. HP: 19/19 MP: 1/1
    10 | Abyss:2  | Found a corrupted altar of Lugonu.
    18 | Abyss:2  | Noticed an ancient zyme
    35 | Abyss:2  | Noticed a titan zombie
    38 | Abyss:2  | Noticed a wraith
    91 | Abyss:2  | Noticed a salamander
   112 | Abyss:3  | Got a twitching ruby amulet
   113 | Abyss:3  | Identified the amulet of the Invisible Tables {RegenMP +Fly rF+} (You found it on level 3 of the Abyss)
   186 | Abyss:4  | Noticed a small abomination
   191 | Abyss:4  | Noticed a spatial vortex
   193 | Abyss:4  | Noticed a spatial vortex
   197 | D:1      | Escaped the Abyss
   376 | D:1      | Reached * piety under Lugonu
   414 | D:1      | Reached XP level 2. HP: 26/27 MP: 2/2
  1511 | D:2      | Reached XP level 3. HP: 33/33 MP: 3/3
  1591 | D:3      | Reached skill level 3 in Axes
  1785 | D:3      | Noticed Natasha
  1788 | D:3      | Killed Natasha
  1788 | D:3      | Reached XP level 4. HP: 27/41 MP: 4/4
  1908 | D:3      | Noticed Grinder
  1911 | D:3      | Paralysed by Grinder for 7 turns
  2346 | D:3      | Noticed Natasha
  2352 | D:3      | Killed Natasha
  2465 | D:3      | Reached XP level 5. HP: 44/47 MP: 5/5
  2535 | D:3      | Found a blossoming altar of Fedhas.
  2777 | D:3      | Paralysed by Grinder for 5 turns
  2792 | D:3      | Paralysed by Grinder for 5 turns
  2798 | D:3      | Gained mutation: You are partially covered in molten scales. (AC +2) [potion of mutation]
  2798 | D:3      | Gained mutation: You are resistant to hostile enchantments. (MR+) [potion of mutation]
  2798 | D:3      | Gained mutation: Your flesh is cold resistant. (rC+) [potion of mutation]
  2798 | D:3      | Gained mutation: Your mind is acute. (Int +2) [potion of mutation]
  2804 | D:3      | Paralysed by Grinder for 6 turns
  3110 | D:4      | Noticed an ogre
  3130 | D:4      | Reached ** piety under Lugonu
  3139 | D:4      | Killed an ogre
  3139 | D:4      | Reached skill level 4 in Axes
  3401 | D:4      | Reached XP level 6. HP: 48/55 MP: 7/7
  3452 | D:4      | Reached skill level 5 in Fighting
  3501 | D:5      | Entered Level 5 of the Dungeon
  3504 | D:5      | Reached skill level 5 in Armour
  3774 | D:4      | Reached XP level 7. HP: 48/61 MP: 8/8
  4160 | D:4      | Found a runed door.
  4293 | D:4      | Noticed Crazy Yiuf
  4297 | D:4      | Killed Crazy Yiuf
  4297 | D:4      | Reached skill level 5 in Axes
  5022 | D:5      | Noticed Natasha
  5030 | D:5      | Killed Natasha
  5513 | D:4      | Reached XP level 8. HP: 67/70 MP: 8/10
  5670 | D:5      | Reached skill level 6 in Axes
  5690 | D:5      | Found a sparkling altar of Nemelex Xobeh.
  6218 | D:6      | Found a staircase to the Ecumenical Temple.
  6530 | D:6      | Noticed Edmund
  6675 | D:6      | Noticed Duvessa
  6675 | D:6      | Noticed Dowan
  6682 | D:6      | Killed Duvessa
  6682 | D:6      | Reached skill level 7 in Axes
  6685 | D:6      | Killed Dowan
  6965 | D:7      | Noticed tschems's ghost (novice HuFi)
  6985 | D:7      | Killed tschems's ghost
  6985 | D:7      | Reached skill level 8 in Axes
  6985 | D:7      | Reached skill level 5 in Invocations
  6985 | D:7      | Reached XP level 9. HP: 48/77 MP: 11/11
  7139 | D:7      | Found Duwiwiho's Magic Scroll Shoppe.
  7151 | D:7      | Bought a scroll of teleportation for 45 gold pieces
  7151 | D:7      | Bought a scroll of enchant weapon for 112 gold pieces
  7271 | D:7      | Reached *** piety under Lugonu
  7966 | D:7      | Reached skill level 9 in Axes
  7966 | D:7      | Reached skill level 1 in Evocations
  7998 | D:8      | Found a hazy altar of Hepliaklqana.
  7999 | D:8      | Found a shimmering altar of Xom.
  8001 | D:8      | Noticed a spectral ugly thing
  8182 | D:8      | Found a radiant altar of Vehumet.
  8808 | D:8      | Reached skill level 10 in Armour
  9124 | D:9      | Reached XP level 10. HP: 67/86 MP: 13/13
  9177 | D:9      | Found a staircase to the Lair.
  9200 | D:9      | Reached **** piety under Lugonu
  9386 | D:9      | Found a staircase to the Orcish Mines.
  9421 | D:9      | Noticed a two-headed ogre
  9428 | D:9      | Killed a two-headed ogre
  9428 | D:9      | Reached skill level 10 in Axes
  9546 | D:9      | Found Qozxaq's General Store.
  9554 | D:9      | Bought a scroll of teleportation for 45 gold pieces
  9739 | D:9      | Found a stormy altar of Qazlal.
  9961 | D:9      | Found a glowing golden altar of the Shining One.
 10009 | Lair:1   | Entered Level 1 of the Lair of Beasts
 10076 | Lair:1   | Noticed a spiny frog
 10077 | Lair:1   | Noticed a spiny frog
 10084 | Lair:1   | Killed a spiny frog
 10093 | Lair:1   | Killed a spiny frog
 10452 | Lair:1   | Noticed Joseph
 10463 | Lair:1   | Killed Joseph
 10463 | Lair:1   | Reached skill level 11 in Axes
 11096 | Lair:1   | Noticed a spiny frog
 11103 | Lair:1   | Killed a spiny frog
 11577 | Lair:1   | Reached XP level 11. HP: 60/94 MP: 15/15
 12093 | Lair:2   | Noticed Nergalle
 12112 | Lair:2   | Killed Nergalle
 12586 | Lair:3   | Noticed Harold
 12606 | Lair:3   | Killed Harold
 12743 | Lair:3   | Reached skill level 1 in Shields
 12766 | Lair:3   | Reached skill level 12 in Axes
 12796 | Lair:3   | Found a hole to the Spider Nest.
 12797 | Lair:3   | Noticed a four-headed hydra
 12813 | Lair:3   | Killed a one-headed hydra
 13140 | Lair:3   | Noticed a seven-headed hydra
 13151 | Lair:3   | Killed a two-headed hydra
 13803 | Lair:3   | Noticed a lindwurm
 13814 | Lair:3   | Killed a lindwurm
 14023 | Lair:4   | Noticed a death yak
 14023 | Lair:4   | Noticed a death yak
 14025 | Lair:4   | Noticed a death yak
 14026 | Lair:4   | Noticed a death yak
 14039 | Lair:4   | Noticed a death yak
 14052 | Lair:3   | Killed a death yak
 14052 | Lair:3   | Reached XP level 12. HP: 23/103 MP: 17/17
 14057 | Lair:3   | Killed a death yak
 14057 | Lair:3   | Reached skill level 5 in Dodging
 14337 | Lair:3   | Killed a death yak
 14417 | Lair:4   | Killed a death yak
 14417 | Lair:4   | Reached skill level 13 in Axes
 14428 | Lair:4   | Killed a death yak
 14996 | Lair:4   | Found a staircase to the Swamp.
 15425 | Lair:5   | Found a staircase to the Slime Pits.
 15425 | Lair:5   | Found a viscous altar of Jiyva.
 15451 | Lair:5   | Noticed a five-headed hydra
 15468 | Lair:5   | Killed a one-headed hydra
 15520 | Lair:5   | Noticed a four-headed hydra
 15527 | Lair:5   | Killed a one-headed hydra
 15697 | Lair:5   | Noticed a five-headed hydra
 15705 | Lair:5   | Killed a one-headed hydra
 16914 | Lair:5   | HP: 1/106 [acid (13)]
 17220 | Lair:5   | Reached skill level 10 in Invocations
 17271 | Lair:6   | Entered Level 6 of the Lair of Beasts
 17287 | Lair:6   | Reached skill level 14 in Axes
 17294 | Lair:6   | Reached XP level 13. HP: 91/112 MP: 19/19
 17719 | Lair:6   | Reached skill level 10 in Fighting
 18982 | Lair:6   | Reached skill level 5 in Shields
 18995 | Lair:6   | Reached skill level 15 in Armour
 19273 | Lair:6   | Reached skill level 15 in Axes
 19283 | Lair:6   | Reached ***** piety under Lugonu
 20270 | Lair:6   | Noticed a fire dragon
 20281 | Lair:6   | Banished a fire dragon
 20949 | Lair:6   | Reached XP level 14. HP: 78/124 MP: 21/21
 21735 | D:10     | Entered Level 10 of the Dungeon
 21857 | D:10     | Found Luoqoal's General Store.
 21918 | D:10     | Bought a potion of cancellation for 104 gold pieces
 22330 | D:10     | Identified Roxanne's Almanac of Unstable Clay
 23102 | D:11     | Noticed Psyche
 23106 | D:11     | Killed Psyche
 23231 | D:11     | Reached skill level 16 in Axes
 23342 | D:12     | Noticed Gargoyl's ghost (journeyman MiAK)
 23369 | D:12     | Killed Gargoyl's ghost
 23797 | D:12     | Reached ****** piety under Lugonu
 24356 | D:13     | Found a glowing silver altar of Zin.
 24509 | D:13     | Reached skill level 17 in Axes
 25551 | D:13     | Found a gate to the Vaults.
 25877 | D:14     | Noticed Sonja
 26355 | D:14     | Killed Sonja
 26552 | D:14     | Noticed Azrael
 26553 | D:14     | Noticed Snorg
 26568 | D:14     | Killed Snorg
 26574 | D:14     | Reached XP level 15. HP: 103/132 MP: 23/23
 26582 | D:14     | Killed Azrael
 27356 | D:14     | Found a runed door.
 27645 | D:14     | Found a runed door.
 28159 | D:14     | Reached skill level 18 in Axes
 28723 | D:15     | Entered Level 15 of the Dungeon
 30098 | D:15     | Found a staircase to the Depths.
 30101 | D:15     | Found a shimmering altar of Xom.
 30501 | D:15     | Reached skill level 19 in Axes
 30514 | D:15     | Reached XP level 16. HP: 93/141 MP: 24/24
 31046 | Orc:1    | Entered Level 1 of the Orcish Mines
 31424 | Orc:2    | Entered Level 2 of the Orcish Mines
 31429 | Orc:2    | Noticed Josephine
 31703 | Orc:2    | Killed Josephine
 32327 | Orc:2    | Found a staircase to the Elven Halls.
 33098 | Orc:2    | Gained mutation: You are robust. (+10% HP) [a neqoxec]
 34262 | Orc:2    | Found Cutal's Antique Armour Boutique.
 34263 | Orc:2    | Found Ticuv's Antique Weapon Boutique.
 34264 | Orc:2    | Found Zext's General Store.
 34264 | Orc:2    | Found Hibo's Book Shop.
 34268 | Orc:2    | Bought a scroll of teleportation for 42 gold pieces
 34268 | Orc:2    | Bought a potion of curing for 42 gold pieces
 34385 | Orc:2    | Bought a crystal plate armour for 1760 gold pieces
 34456 | Elf:1    | Entered Level 1 of the Elven Halls
 34934 | Elf:1    | Reached skill level 20 in Axes
 35930 | Spider:1 | Entered Level 1 of the Spider Nest
 38354 | Spider:1 | Reached XP level 17. HP: 17/166 MP: 26/26
 38827 | Spider:2 | Got a crude plate armour
 38854 | Spider:1 | Identified the +10 plate armour "Xas Osuu" {*Drain +Inv rElec rCorr} (You found it on level 2 of the Spider Nest)
 40312 | Spider:3 | HP: 3/167 [eldritch tentacle[the power of Zot] (8)]
 40806 | Spider:3 | Reached skill level 21 in Axes
 41440 | Spider:3 | Reached skill level 1 in Throwing
 41538 | Spider:4 | Entered Level 4 of the Spider Nest
 42253 | Spider:4 | Got a scintillating steel amulet
 42334 | Spider:4 | Identified the amulet "Fyanacacumn" {Reflect SH+3 SInv} (You found it on level 4 of the Spider Nest)
 43949 | Spider:4 | Paralysed by a hornet for 1 turns
 45425 | Spider:4 | Got a gossamer rune of Zot
 45882 | Vaults:1 | Entered Level 1 of the Vaults
 45913 | Vaults:1 | Reached XP level 18. HP: 79/178 MP: 27/27
 46770 | Vaults:1 | Reached skill level 15 in Fighting
 46814 | Vaults:1 | Reached skill level 22 in Axes
 47574 | Vaults:1 | Reached skill level 15 in Invocations
 47745 | Vaults:1 | Noticed Saint Roka
 49342 | Elf:1    | Noticed Frances
 49351 | Elf:1    | Killed Frances
 49563 | Elf:1    | Identified the Volume of Supportive Battle Magic
 49917 | Elf:1    | Found a corrupted altar of Lugonu.
 49927 | Elf:1    | Found a one-way gate to the infinite horrors of the Abyss.
 50175 | Elf:2    | Found a huge runed gate.
 50175 | Elf:2    | Found a huge runed gate.
 50175 | Elf:2    | Found a huge runed gate.
 50844 | Elf:2    | Reached skill level 23 in Axes
 50844 | Elf:2    | Reached XP level 19. HP: 189/189 MP: 29/29
 51211 | Elf:2    | Found a radiant altar of Vehumet.
 52298 | Elf:3    | Entered Level 3 of the Elven Halls
 53126 | Elf:3    | Noticed a Brimstone Fiend
 54370 | Elf:3    | Cast into level 3 of the Abyss (a deep elf sorcerer)
 54374 | Abyss:3  | Found a corrupted altar of Lugonu.
 54439 | Elf:3    | Escaped the Abyss
 54616 | Elf:3    | Cast into level 3 of the Abyss (a deep elf sorcerer)
 54845 | Elf:3    | Escaped the Abyss
 55002 | Elf:3    | Reached skill level 24 in Axes
 55935 | Elf:3    | Got a translucent pewter ring
 56303 | Elf:3    | Got a jewelled war axe {elec}
 56329 | Elf:3    | Identified the +3 war axe of Neurosis {elec, +Inv Str+2} (You took it off a deep elf annihilator on level 3 of the Elven Halls)
 56330 | Elf:3    | Identified the ring of Reimbursement {Wiz rF+ Slay+2} (You took it off a deep elf annihilator on level 3 of the Elven Halls)
 56912 | Elf:2    | Reached XP level 20. HP: 201/201 MP: 31/31
 58428 | Elf:3    | Identified the Compendium of Flying Intoxication
 58509 | Elf:3    | Identified Asmodeus's Almanac of the Blaze
 58823 | Vaults:1 | Killed Saint Roka
 61470 | Vaults:2 | Reached skill level 25 in Axes
 62013 | Vaults:2 | Found a staircase to the Crypt.
 62661 | Vaults:2 | Reached XP level 21. HP: 193/212 MP: 32/32
 63054 | Vaults:2 | Found Kaucas's Gadget Shop.
 63430 | Vaults:3 | Noticed Frederick
 63444 | Vaults:3 | Killed Frederick
 63892 | Vaults:3 | Noticed Xtahua
 63901 | Vaults:3 | Killed Xtahua
 64070 | Vaults:3 | You fall through a shaft!
 65636 | Vaults:4 | Reached skill level 26 in Axes
 66775 | Vaults:4 | Reached XP level 22. HP: 213/224 MP: 33/33
 67687 | Vaults:5 | Entered Level 5 of the Vaults
 67695 | Vaults:5 | Corrupted Vaults:5
 68285 | Swamp:1  | Entered Level 1 of the Swamp
 68668 | Swamp:1  | Found a frozen archway.
 69225 | Swamp:2  | Noticed Kagerus's ghost (adept HuFi)
 69245 | Swamp:2  | Killed Kagerus's ghost
 70467 | Swamp:4  | Entered Level 4 of the Swamp
 70509 | Swamp:4  | Noticed Kirke
 70528 | Swamp:3  | Killed Kirke
 70626 | Swamp:4  | Noticed Mara
 70631 | Swamp:4  | Killed Mara
 71045 | Swamp:4  | Reached skill level 27 in Axes
 71391 | Swamp:4  | Got a decaying rune of Zot
 71823 | Swamp:4  | Noticed Aizul
 71841 | Swamp:4  | Killed Aizul
 72476 | Vaults:2 | Reached XP level 23. HP: 220/238 MP: 35/35
 73123 | Abyss:1  | Lost mutation: Your mind is acute. (Int +2) [a cacodemon]
 73341 | Abyss:1  | Gained mutation: Armour fits poorly on your strangely shaped body. [a neqoxec]
 73342 | Abyss:1  | Gained mutation: You occasionally shout uncontrollably at your foes. [a neqoxec]
 73530 | Vaults:5 | Escaped the Abyss
 74064 | Abyss:1  | Found a corrupted altar of Lugonu.
 74071 | Abyss:1  | HP: 12/242 [starcursed mass (1)]
 74115 | Abyss:1  | HP: 9/242 [large abomination (18)]
 74116 | Abyss:1  | Mangled by a large abomination

Skill      XL: |  1  2  3  4  5  6  7  8  9 10 11 12 13 14 15 16 17 18 19 20 21 22 23 |
---------------+----------------------------------------------------------------------+-----
Fighting       | 4 5 6 7 8 9 11 12 13 14 15 16 17 18 20 21 | 21.3
Armour         | 3 4 5 6 8 10 11 13 14 15 16 17 18 19 20 21 22 | 22.9
Axes           | 3 4 5 8 9 11 12 14 15 17 19 20 21 23 24 25 26 27 | 27.0
Invocations    | 2 3 4 5 6 7 9 10 11 12 13 14 15 16 17 18 | 18.8
Dodging        | 2 3 4 5 6 7 |  7.4
Evocations     | 1 |  1.4
Shields        | 2 3 5 |  5.8
Throwing       | 1 2 |  2.0

Action                   |  1- 3 |  4- 6 |  7- 9 | 10-12 | 13-15 | 16-18 | 19-21 | 22-24 || total
-------------------------+-------+-------+-------+-------+-------+-------+-------+-------++-------
Melee: Hand axe          |    70 |    99 |   146 |    82 |    58 |       |       |       ||   455
       Headbutt          |     5 |    13 |    64 |   102 |   233 |   238 |   251 |   183 ||  1089
       Unarmed           |       |       |     3 |       |       |       |       |       ||     3
       War axe           |       |       |   199 |   380 |   390 |       |       |       ||   969
       Executioner's axe |       |       |       |       |   593 |  1120 |  1070 |   610 ||  3393
       Battleaxe         |       |       |       |       |       |       |       |    78 ||    78
Throw: Javelin           |       |       |     3 |       |     1 |    25 |     1 |     3 ||    33
Invok: Depart the Abyss  |     1 |       |       |       |       |       |     2 |     1 ||     4
       Banish            |       |       |       |    12 |    11 |    19 |     7 |     4 ||    53
       Bend Space        |       |       |       |       |     1 |     1 |       |       ||     2
       Corrupt           |       |       |       |       |       |       |       |     1 ||     1
       Enter the Abyss   |       |       |       |       |       |       |       |     2 ||     2
Evoke: Wand              |       |       |    14 |       |       |       |       |       ||    14
  Use: Scroll            |     4 |     3 |     9 |     4 |     7 |    23 |    10 |     2 ||    62
       Potion            |       |     6 |     1 |     2 |     7 |     9 |     3 |     3 ||    31
 Stab: Distracted        |       |       |       |       |     1 |       |     1 |       ||     2
  Eat: Chunk             |     3 |     6 |    18 |    22 |    22 |    36 |    39 |    23 ||   169
       Fruit             |       |       |     4 |       |     1 |     3 |     3 |     5 ||    16
       Bread ration      |       |       |     1 |     2 |     5 |     1 |     1 |       ||    10
       Royal jelly       |       |       |       |       |       |    14 |     3 |     1 ||    18
Armor: Leather armour    |    25 |    14 |       |       |       |       |       |       ||    39
       Chain mail        |       |    53 |   218 |   260 |   955 |   157 |       |       ||  1643
       Skin              |       |    16 |       |       |       |       |       |       ||    16
       Crystal plate arm |       |       |       |       |       |   408 |       |       ||   408
       Plate armour      |       |       |       |       |       |  1022 |   937 |   442 ||  2401
Dodge: Dodged            |    58 |    56 |   139 |   205 |   755 |   887 |   602 |   315 ||  3017
Block: Buckler           |       |       |       |    68 |   123 |       |       |       ||   191
       Other             |       |       |       |       |       |    93 |   147 |    62 ||   302
       Reflection        |       |       |       |       |       |     9 |    13 |     1 ||    23
